 Dungeon Crawl Stone Soup version 0.26-a0-812-g31a745ddcd (webtiles) character file.

Game seed: 155416093165150699

3213 kae the Ruffian (level 9, -6/88 HPs)
             Began as a White Draconian Transmuter on Dec 4, 2020.
             Was an Initiate of Ru.
             Mangled by an orc warrior (15 damage)
             ... in a bailey.
             The game lasted 00:05:50 (9957 turns).

kae the Ruffian (White Draconian Transmuter)        Turns: 9957, Time: 00:05:50

Health: -6/88      AC:  5    Str: 17    XL:     9   Next: 65%
Magic:  2/16       EV: 11    Int: 13    God:    Ru [......]
Gold:   481        SH:  0    Dex: 11    Spells: 5/18 levels left

rFire    x . .     SeeInvis .     - Unarmed
rCold    + + +     Faith    .   (shield currently unavailable)
rNeg     . . .     Spirit   .   (armour unavailable)
rPois    +         Reflect  .   (helmet currently unavailable)
rElec    .         Harm     .   (cloak currently unavailable)
rCorr    .         Rampage  .   (gloves currently unavailable)
MR       .....                  (boots currently unavailable)
Stlth    +.........             (no amulet)
HPRegen  0.24/turn              (no ring)
MPRegen  0.15/turn              (no ring)

@: ice-form, contaminated, glowing
A: large, (breathe frost), unfitting armour, AC +7
a: End Transformation, Renounce Religion


You were in a bailey.
You worshipped Ru.
Ru was noncommittal.
You were a creature of crystalline ice.
You visited 2 branches of the dungeon, and saw 9 of its levels.
You also visited: Bailey.

You collected 481 gold pieces.

Inventory:

Jewellery
 j - a +6 ring of dexterity
 m - an uncursed ring of protection from cold
 o - a cursed ring of teleportation {unknown}
 w - an uncursed ring of protection from cold
Wands
 q - a wand of disintegration (15)
 t - a wand of polymorph (6)
Scrolls
 a - 6 scrolls of identify
 c - 2 scrolls of enchant armour
 g - 7 scrolls of teleportation
 i - a scroll of noise
 l - 3 scrolls of fear
 v - 7 scrolls of remove curse
Potions
 b - a potion of mutation {unknown}
 d - 2 potions of haste
 f - 3 potions of brilliance
 h - 2 potions of flight {unknown}
 k - a potion of attraction
 n - a potion of lignification {unknown}
 p - a potion of berserk rage {unknown}
 s - a potion of degeneration {unknown}
 u - a potion of might {unknown}
 x - a potion of heal wounds {unknown}


   Skills:
 + Level 5.5 Fighting
 + Level 4.9 Dodging
 * Level 7.8 Unarmed Combat
 + Level 5.0 Spellcasting
 * Level 7.4 Transmutations
 * Level 0.0 Ice Magic
 - Level 2.0 Poison Magic


You had 5 spell levels left.
You knew the following spells:

 Your Spells              Type           Power        Failure   Level
a - Beastly Appendage     Tmut           ###...       1%          1
b - Spider Form           Tmut/Pois      ###.......   9%          3
c - Blade Hands           Tmut           ###.......   24%         5
d - Ice Form              Ice/Tmut       ##......     38%         4

Your spell library contained the following spells:

 Spells                   Type           Power        Failure   Level
 Wereblood                Tmut           ###.....     1%          2


Dungeon Overview and Level Annotations

Branches:
Dungeon (8/15)             Temple (1/1) D:7          Bailey (1/1)
   Lair: D:8-11

Altars:
Ashenzari
Cheibriados
Dithmenos
Elyvilon
Fedhas
Gozag
Hepliaklqana
Kikubaaqudgha
Makhleb
Nemelex Xobeh
Okawaru
Qazlal
Ru
Sif Muna
Trog
Uskayaw
Vehumet
Wu Jian
Xom
Yredelemnul
Zin
The Shining One

Shops:
D:8 :


Innate Abilities, Weirdness & Mutations

((You can breathe waves of freezing cold.))
((You can buffet flying creatures when you breathe cold.))
((Your icy white scales are hard. (AC +7)))
You cannot fit into any form of body armour.
((Your flesh is cold resistant. (rC+)))
((You are cold-blooded and may be slowed by cold attacks.))


Message History

The orc warrior shoots a bolt.
The bolt hits you!
You hear a splash.
The orc warrior shoots a bolt.
The bolt hits you!!
* * * LOW HITPOINT WARNING * * *
You hear a splash.
An orc warrior comes into view. It is wielding a +0 arbalest.
The orc warrior shouts!
Found a gate leading back out of this place.
You punch the orc warrior! You freeze the orc warrior!
The orc warrior is severely wounded.
The orc warrior unwields a +0 arbalest.
The orc warrior closely misses you.
The orc disappears!
You barely miss the orc warrior.
The orc warrior is severely wounded.
The orc warrior hits you!
* * * LOW HITPOINT WARNING * * *
You hit the orc warrior. You freeze the orc warrior.
The orc warrior is almost dead.
The orc disappears!
The orc warrior hits you!
You die...

≈≈≈≈ ≈≈......#
≈≈≈≈ ≈≈......#
≈#. ≈≈......#
#∩.##≈......# ≈
.§ o≈......# ≈≈≈≈
#o##≈......#
≈≈≈≈≈#o#≈≈......#
≈≈≈≈≈≈≈Y≈(......#
................#
..........(.....#
................#
...........(..(.#
............(.∩.#
...............∩#
#################


You could see 2 orc warriors.

Vanquished Creatures
  Joseph (D:7)
  Sigmund (D:6)
  Eustachio (D:5)
  Menkaure (D:7)
  Edmund (D:5)
  A water moccasin (D:6)
  A sky beast (D:5)
  A necrophage (D:7)
  An ice beast (D:5)
  2 ogres
  A centaur (D:6)
  4 bullfrogs
  4 scorpions
  A crimson imp (D:4)
  A quasit (D:5)
  3 jellies
  2 gnoll shamans (D:7)
  6 orc priests
  3 hounds
  5 orc wizards
  2 bullfrog skeletons
  5 iguanas
  A worker ant (D:5)
  2 hound skeletons
  2 worker ant zombies (D:7)
  Robin (D:3)
  14 gnolls
  7 adders
  2 howler monkey skeletons
  3 shadow imps (D:6)
  An ooze (D:1)
  An adder skeleton (D:5)
  4 worms (D:2)
  8 dart slugs
  3 leopard geckos
  30 orcs
  5 bats
  5 giant cockroaches
  15 goblins
  8 hobgoblins
  2 quokkas
  5 frilled lizards
  10 kobolds
  7 rats
184 creatures vanquished.

Notes
Turn   | Place    | Note
-------+----------+-------------------------------------------
     0 | D:1      | kae the Draconian Transmuter began the quest for the Orb.
     0 | D:1      | Reached XP level 1. HP: 16/16 MP: 3/3
   265 | D:1      | Reached XP level 2. HP: 8/23 MP: 5/5
   915 | D:1      | Reached XP level 3. HP: 12/29 MP: 6/6
  1220 | D:1      | Learned a level 3 spell: Spider Form
  1623 | D:2      | Reached XP level 4. HP: 35/36 MP: 5/7
  2120 | D:3      | Noticed Robin
  2137 | D:3      | Reached skill level 1 in Poison Magic
  2148 | D:3      | Killed Robin
  2509 | D:3      | Reached XP level 5. HP: 22/41 MP: 3/8
  3448 | D:4      | Found a stormy altar of Qazlal.
  3533 | D:4      | Reached XP level 6. HP: 30/50 MP: 3/10
  4509 | D:4      | Found a radiant altar of Vehumet.
  4510 | D:4      | Found a burning altar of Makhleb.
  4587 | D:5      | Entered Level 5 of the Dungeon
  4629 | D:5      | Your scales start taking on an icy white colour.
  4629 | D:5      | Reached XP level 7. HP: 54/57 MP: 7/11
  4629 | D:5      | Gained mutation: Your flesh is cold resistant. (rC+) [White
                  | Draconian growth]
  4864 | D:5      | Reached skill level 5 in Unarmed Combat
  5411 | D:5      | Noticed Eustachio
  5420 | D:5      | Killed Eustachio
  5420 | D:5      | Reached skill level 5 in Transmutations
  5782 | D:5      | Found a shimmering altar of Xom.
  5911 | D:5      | Reached XP level 8. HP: 66/66 MP: 7/13
  5976 | D:6      | Noticed Edmund
  5993 | D:5      | Killed Edmund
  6508 | D:6      | Noticed Sigmund
  6688 | D:6      | Killed Sigmund
  7357 | D:6      | Reached XP level 9. HP: 70/72 MP: 11/15
  8010 | D:7      | Noticed Joseph
  8033 | D:7      | Killed Joseph
  8033 | D:7      | Reached skill level 5 in Fighting
  8303 | D:7      | Found a shimmering blue altar of Sif Muna.
  8306 | D:7      | Found a bloodstained altar of Trog.
  8307 | D:7      | Found a hide-covered altar of Uskayaw.
  8626 | D:7      | HP: 3/74 [gnoll/+0 spear (5)]
  9269 | D:7      | Found a staircase to the Ecumenical Temple.
  9298 | D:7      | Noticed Menkaure
  9317 | D:7      | Killed Menkaure
  9317 | D:7      | Reached skill level 5 in Spellcasting
  9642 | Temple   | Entered the Ecumenical Temple
  9800 | Temple   | Became a worshipper of Ru the Awakened
  9842 | D:8      | Found Addeong's Book Boutique.
  9902 | D:8      | Found a flagged portal.
  9913 | Bailey   | Entered a bailey
  9935 | Bailey   | Learned a level 5 spell: Blade Hands
  9940 | Bailey   | Learned a level 4 spell: Ice Form
  9957 | Bailey   | Mangled by an orc warrior

Illustrated notes

Levels and vault maps discovered:
D:1:      grunt_arrival_crossed_arrows, layout_loops_ring
D:2:      layout_basic, minmay_lizard_pond
D:3:      layout_basic, uniq_robin
D:4:      layout_basic, grunt_temple_overflow_lords_of_destruction,
          grunt_qazlal_clouds, interstate_on_off, minmay_pentomino_pile
D:5:      layout_loops_ring, dk_xom_monty_hall, uniq_eustachio
D:6:      layout_basic, uniq_sigmund, uniq_edmund
D:7:      layout_basic, chequers_temple_overflow_statue_of_worship,
          temple_fountains, minmay_increasing_density, uniq_menkaure,
          uniq_joseph
D:8:      layout_basic, serial_shops, shop, enter_bailey_3, uniq_maurice,
          uniq_erica
Temple:   eino_temple_scatter_basement
Bailey:   bailey_polearm_2, bailey

Skill      XL: |  1  2  3  4  5  6  7  8  9 |
---------------+----------------------------+-----
Dodging        | 2 3 4 |  4.9
Transmutations | 3 4 5 6 7 |  7.4
Poison Magic   | 1 2 |  2.0
Fighting       | 2 3 4 5 |  5.5
Unarmed Combat | 4 5 6 7 |  7.8
Spellcasting   | 3 4 5 |  5.0

Action                   |  1- 3 |  4- 6 |  7- 9 || total
-------------------------+-------+-------+-------++-------
Melee: Unarmed           |   105 |   218 |   310 ||   633
       Headbutt          |     9 |     6 |       ||    15
       Kick              |     9 |    14 |     2 ||    25
       Tailslap          |     6 |    14 |    16 ||    36
       Punch             |     2 |     1 |     1 ||     4
 Cast: Beastly Appendage |    19 |    21 |     1 ||    41
       Spider Form       |     1 |    12 |    31 ||    44
       Ice Form          |       |       |     1 ||     1
 Abil: Breathe Frost     |       |       |    24 ||    24
  Use: Scroll            |       |    11 |     3 ||    14
       Potion            |       |     2 |     2 ||     4
 Stab: Sleeping          |     1 |     2 |       ||     3
Armor: Skin              |    32 |    36 |    38 ||   106
Dodge: Dodged            |    92 |   153 |   292 ||   537

Table legend: (Time is in decaauts)
 A = Elapsed time spent in this place.
 B = Non-inter-level travel time spent in this place.
 C = Inter-level travel time spent in this place.
 D = Time resting spent in this place.
 E = Time spent auto-exploring this place.
 F = Levels seen in this place.
 G = Mean time per level.
                   A        B        C        D        E       F      G
               +--------+--------+--------+--------+--------+-----+--------+
         Total |   9913 |   9654 |    259 |    962 |   7349 |  10 |  991.3 |
       Dungeon |   9699 |   9463 |    236 |    948 |   7204 |   8 | 1212.4 |
        Temple |    169 |    147 |     22 |      0 |    145 |   1 |  169.0 |
        Bailey |     44 |     44 |      0 |     14 |      0 |   1 |   44.0 |
               +--------+--------+--------+--------+--------+-----+--------+

Top non-repeatable levels by time:
     D:5: 2039 daAuts
     D:7: 1891 daAuts
     D:4: 1371 daAuts
     D:3: 1213 daAuts
     D:1: 1212 daAuts
     D:6: 1094 daAuts
     D:2: 782 daAuts
  Temple: 169 daAuts
     D:8: 94 daAuts
  Bailey: 44 daAuts
